 Dungeon Crawl Stone Soup version 0.28-b1-1-g3c77fb2 (webtiles) character file.

Game seed: 12130009524029903169

22236 BALLS the Carver (level 12, -40/61 (66) HPs)
             Began as a Vine Stalker Fighter on Jan 26, 2022.
             Was a High Priest of Okawaru.
             Killed from afar by a tengu reaver (43 damage)
             ... with a bolt of negative energy
             ... on level 12 of the Dungeon.
             The game lasted 00:26:42 (11176 turns).

BALLS the Carver (Vine Stalker Fighter)            Turns: 11176, Time: 00:26:42

HP:   -40/61 (66)   AC: 15    Str: 30    XL:     12   Next: 98%
MP:   0/19          EV: 10    Int:  8    God:    Okawaru [*****.]
Gold: 739           SH:  7    Dex: 20    Spells: 11/11 levels left

rFire   . . .      SeeInvis .   a - +4 long sword (spect)
rCold   . . .      Faith    .   c - +0 buckler
rNeg    . . .      Spirit   +   b - +0 scale mail
rPois   .          Reflect  .   I - +1 helmet
rElec   .          Harm     .   O - +0 cloak
rCorr   +          Rampage  .   y - +0 pair of gloves
Will    +....                   J - +1 pair of boots of the Swan {rCorr Slay+2}
Stlth   ..........              (no amulet)
HPRegen 1.00/turn               B - +6 ring of strength
MPRegen 0.16/turn               p - +6 ring of dexterity

@: about to teleport, drained
A: fangs 3, regeneration 1, magic shield, antimagic bite, no potion heal 2
a: Renounce Religion, Heroism, Finesse, Duel


You were on level 12 of the Dungeon.
You worshipped Okawaru.
Okawaru was extremely pleased with you.
You visited 3 branches of the dungeon, and saw 15 of its levels.

You collected 739 gold pieces.

Inventory:

Hand Weapons
 a - a +4 spectral long sword (weapon)
 A - the +7 mace of Variability {chain chaos}
   (You found it on level 9 of the Dungeon)

   Each time it hits an enemy it has a different, random effect.
   It occasionally unleashes arcs of chaos on nearby creatures upon striking a
   foe.
Missiles
 j - a throwing net (quivered)
Armour
 b - a +0 scale mail (worn)
 c - a +0 buckler (worn)
 y - a +0 pair of gloves (worn)
 I - a +1 helmet (worn)
 J - the +1 pair of boots of the Swan (worn) {rCorr Slay+2}
   (Okawaru gifted it to you on level 10 of the Dungeon)

   Slay:      It affects your accuracy & damage with ranged weapons and melee
   (+2).
   rCorr:     It protects you from acid and corrosion.
 O - a +0 cloak (worn)
Jewellery
 i - a ring of protection from cold
 l - a ring of resist corrosion
 p - a +6 ring of dexterity (right hand)
 v - a +6 ring of dexterity
 x - a ring of poison resistance
 B - a +6 ring of strength (left hand)
 K - a ring of protection from fire
 L - a ring of see invisible
Wands
 k - a wand of polymorph (14)
 E - a wand of mindburst (8)
 G - a wand of acid (3)
Scrolls
 e - a scroll of silence
 m - 4 scrolls of enchant weapon
 n - 3 scrolls of magic mapping
 o - 4 scrolls of immolation
 r - a scroll of vulnerability {unknown}
 s - 2 scrolls of teleportation
 t - 3 scrolls of holy word
 F - 3 scrolls of summoning
 H - 2 scrolls of blinking {unknown}
Potions
 d - a potion of might
 f - 5 potions of curing
 g - 3 potions of attraction
 h - 3 potions of ambrosia
 u - 2 potions of brilliance
 w - 4 potions of mutation {unknown}
 z - 2 potions of heal wounds {unknown}
 C - a potion of berserk rage {unknown}
 D - a potion of invisibility {unknown}
 N - a potion of lignification {unknown}
Miscellaneous
 q - a piece from Xom's chessboard (15/15)
 M - a condenser vane


   Skills:
 + Level 9.3 Fighting
 + Level 11.8 Long Blades
 - Level 8.0 Armour
 - Level 8.0 Shields
 - Level 8.0 Invocations


You had 11 spell levels left.
You didn't know any spells.
Your spell library contained the following spells:

 Spells                   Type           Power      Damage    Failure   Level
 Sandblast                Erth           0%         2d4       71%         1
 Passwall                 Tmut/Erth      0%         N/A       83%         2
 Gell's Gravitas          Tloc           0%         N/A       97%         3
 Stone Arrow              Conj/Erth      0%         3d7       97%         3
 Teleport Other           Tloc           0%         N/A       97%         3
 Alistair's Intoxication  Tmut/Pois      0%         N/A       100%        5
 Borgnjor's Vile Clutch   Necr/Erth      0%         N/A       100%        5
 Dispersal                Tloc           0%         N/A       100%        6
 Eringya's Noxious Bog    Tmut/Pois      0%         N/A       100%        6
 Summon Small Mammal      Summ           Unusable   N/A       N/A         1
 Call Canine Familiar     Summ           Unusable   N/A       N/A         3
 Summon Guardian Golem    Hex/Summ       Unusable   N/A       N/A         3

Dungeon Overview and Level Annotations

Branches:
Dungeon (13/15)            Temple (1/1) D:4            Lair (1/6) D:9
    Orc (0/2) D:9
 Vaults: D:13-14

Altars:
Ashenzari
Cheibriados
Dithmenos
Elyvilon
Fedhas
Gozag
Hepliaklqana
Kikubaaqudgha
Makhleb
Nemelex Xobeh
Okawaru
Qazlal
Ru
Sif Muna
Trog
Uskayaw
Vehumet
Wu Jian
Xom
Yredelemnul
Zin
The Shining One

Shops:
D:9 (


Innate Abilities, Weirdness & Mutations

You have razor-sharp teeth.
Your natural rate of healing is unusually fast.
When hurt, damage is shared between your health and your magic reserves.
Your bite disrupts and absorbs the magic of your enemies.
Potions cannot restore your health.


Message History

You see here 20 stones.
Done exploring.
(D) Dungeon (T) Temple (L) Lair (O) Orcish Mines
Where to? (Enter - D:12, ? - help)
There is a stone staircase leading down here.
You climb downwards.
Found a rapier.
Found a stone staircase leading down.
There is a stone staircase leading up here.
N - a bubbling puce potion You see here 24 arrows.
Found a cloak.
You see here a +0 cloak.
O - a +0 cloak You start putting on your armour.
You continue putting on your +0 cloak. x4
You finish putting on your +0 cloak.
Found a stone staircase leading up.
Key pressed, stopping explore.
There is a stone staircase leading up here.
You climb upwards.
There is a stone staircase leading down here.
As you open the door, it creaks loudly!
You hear a shout! x2
Found 9 stones.
A tengu reaver and a frost giant come into view.
The tengu reaver is wielding a +0 broad axe of venom, wearing a +3 scale mail of poison resistance and wearing a +2 buckler of reflection.
The frost giant is wielding a +1 battleaxe of freezing.
Found two escape hatches in the floor and two escape hatches in the ceiling.
The tengu reaver shouts!
The frost giant shouts!
The frost giant points at you and mumbles some strange words.
The bolt of cold hits you!
The tengu reaver points at you and mumbles some strange words.
The bolt of lightning hits you!!!
Ouch! That really hurt!
The bolt of lightning hits you!!
* * * LOW HITPOINT WARNING * * *
There is an open door here.
As you read the scroll of teleportation, it crumbles to dust.
You feel strangely unstable. The tengu reaver casts a spell at you.
The bolt of negative energy hits you!!!
You feel drained.
Ouch! That really hurt!
You die...

.............#.....###### #.#.#
##..#......#####........####.#.#
##......###<.>###........##.#.#
##.....### #...#.###.........#.#
.....### #...#...###.......#.#
...### #..Q#.⌠...###.....#.#
.### #.(.#.......###..)..# ##
+...'........>###..## .###
#...#@......###....# ...###
#...#.⌠...###......# .....###
#.C.#...###.....##)# ##.....###
#...#.###.....####.#
###.....###<.>###.....### #..#
###.....#####......######.##
#<...(..#...............#
##......)......##########
###.........###


You could see a tengu reaver.

Vanquished Creatures
  Fannar (Lair:1)
  A rakshasa (D:12)
  2 boulder beetles (D:12)
  3 two-headed ogres
  5 death yaks
  Urug (D:10)
  An orc knight (D:12)
  A manticore (D:11)
  4 cyclopes
  A cane toad (Lair:1)
  A gargoyle (D:11)
  Maggie (D:10)
  A rime drake (Lair:1)
  A troll (D:10)
  3 blink frogs (Lair:1)
  21 yaks
  2 wraiths
  2 wyverns
  2 chaos spawn (D:9)
  5 vampire mosquitoes
  2 basilisks (Lair:1)
  4 sky beasts
  5 orc warriors
  5 water moccasins
  A necrophage (D:5)
  An ogre (D:4)
  7 centaurs
  2 phantoms (D:6)
  3 bullfrogs
  A scorpion (D:6)
  A water moccasin zombie (D:5)
  A water moccasin skeleton (D:6)
  7 killer bees
  10 wights
  6 howler monkeys
  A bullfrog zombie (D:6)
  6 centaur zombies
  A lava snake (D:11)
  6 crimson imps (D:10)
  2 centaur skeletons
  2 jellies
  3 hounds
  6 orc priests
  4 iguanas
  A scorpion zombie (D:5)
  8 orc wizards
  3 hound zombies
  2 hound skeletons (D:4)
  A howler monkey zombie (D:6)
  7 gnolls
  10 adders
  2 shadow imps
  4 white imps
  3 dart slugs
  31 orcs
  6 ball pythons
  3 endoplasms
  A giant cockroach (D:1)
  9 hobgoblins
  2 quokkas
  3 bats
  4 frilled lizards
  4 goblins
  5 kobolds
  5 rats
260 creatures vanquished.

Vanquished Creatures (others)
  7 fungi (Lair:1)
  5 plants
12 creatures vanquished.

Grand Total: 272 creatures vanquished

Notes
Turn   | Place    | Note
-------+----------+-------------------------------------------
     0 | D:1      | BALLS the Vine Stalker Fighter began the quest for the Orb.
     0 | D:1      | Reached XP level 1. HP: 11/11 MP: 2/2
   120 | D:1      | Reached skill level 2 in Long Blades
   147 | D:1      | Reached XP level 2. HP: 16/16 MP: 3/3
   215 | D:1      | Found a faded altar of an unknown god.
  1012 | D:2      | Reached skill level 3 in Long Blades
  1083 | D:2      | Reached XP level 3. HP: 19/19 MP: 4/4
  1665 | D:2      | Gained mutation: Your natural rate of healing is unusually
                  | fast. [Vine Stalker growth]
  1665 | D:2      | Reached XP level 4. HP: 23/23 MP: 5/5
  1816 | D:3      | Found an ornate altar of the Wu Jian Council.
  1960 | D:3      | Found a glowing golden altar of the Shining One.
  1981 | D:3      | Reached skill level 4 in Long Blades
  2129 | D:3      | Found a white marble altar of Elyvilon.
  2281 | D:3      | Reached XP level 5. HP: 19/27 MP: 2/6
  2648 | D:4      | Reached skill level 5 in Long Blades
  2821 | D:4      | Reached XP level 6. HP: 26/32 MP: 4/7
  2867 | D:4      | Found a staircase to the Ecumenical Temple.
  2873 | Temple   | Entered the Ecumenical Temple
  3026 | D:4      | Found a shimmering blue altar of Sif Muna.
  3057 | D:4      | Found a shimmering altar of Xom.
  3099 | D:4      | Reached skill level 6 in Long Blades
  3575 | D:4      | Reached XP level 7. HP: 34/35 MP: 6/8
  3632 | D:5      | Entered Level 5 of the Dungeon
  3716 | D:5      | Reached skill level 7 in Long Blades
  3909 | D:5      | Reached skill level 5 in Fighting
  3909 | D:5      | Gained mutation: You have razor-sharp teeth. [Vine Stalker
                  | growth]
  3909 | D:5      | Reached XP level 8. HP: 21/43 MP: 7/9
  4020 | D:5      | Found a stormy altar of Qazlal.
  4414 | D:6      | Found a radiant altar of Vehumet.
  4428 | D:6      | Reached skill level 5 in Shields
  4741 | D:6      | Reached XP level 9. HP: 47/47 MP: 10/10
  4743 | D:6      | Reached skill level 5 in Armour
  4787 | D:6      | Found a burning altar of Makhleb.
  5105 | D:6      | Noticed a cyclops
  5679 | D:7      | Found an iron altar of Okawaru.
  5686 | D:7      | Became a worshipper of Warmaster Okawaru
  6294 | D:8      | Reached skill level 1 in Invocations
  6380 | D:8      | Noticed a cyclops
  6395 | D:8      | Reached * piety under Okawaru
  6400 | D:8      | Killed a cyclops
  6401 | D:8      | Reached skill level 5 in Invocations
  6505 | D:8      | Found a hazy altar of Hepliaklqana.
  6563 | D:8      | You fall into a shaft and drop 3 floors!
  6573 | D:11     | Reached XP level 10. HP: 16/51 MP: 4/15
  6584 | D:11     | Reached ** piety under Okawaru
  6611 | D:10     | Entered Level 10 of the Dungeon
  6633 | D:9      | Noticed a death yak
  6633 | D:9      | Noticed a death yak
  6667 | D:10     | Noticed Maggie
  6684 | D:10     | Killed Maggie
  6685 | D:10     | Reached skill level 8 in Long Blades
  6860 | D:9      | Found a staircase to the Orcish Mines.
  6923 | D:9      | Reached skill level 9 in Long Blades
  6930 | D:9      | Found a shimmering altar of Xom.
  6932 | D:9      | Found the +7 mace of Variability {chain chaos}
  6947 | D:9      | Reached *** piety under Okawaru
  7172 | D:8      | Reached skill level 10 in Long Blades
  7318 | D:9      | Noticed a death yak
  7318 | D:9      | Noticed a death yak
  7320 | D:9      | Noticed a death yak
  7329 | D:8      | Killed a death yak
  7329 | D:8      | Reached **** piety under Okawaru
  7330 | D:8      | Reached XP level 11. HP: 30/58 MP: 8/18
  7451 | D:8      | Killed a death yak
  7602 | D:9      | Killed a death yak
  7602 | D:9      | Reached ***** piety under Okawaru
  7784 | D:9      | Found Gahaumue's Weapon Shop.
  7801 | D:9      | Found a staircase to the Lair.
  7896 | D:9      | Killed a death yak
  7904 | D:9      | Killed a death yak
  8036 | D:10     | Found a snail-covered altar of Cheibriados.
  8495 | D:10     | Identified the +1 pair of boots of the Swan {rCorr Slay+2}
                  | (Okawaru gifted it to you on level 10 of the Dungeon)
  8495 | D:10     | Received a gift from Okawaru
  8562 | D:10     | Noticed Urug
  8579 | D:10     | Killed Urug
  8781 | D:11     | Noticed a two-headed ogre
  9068 | D:11     | Identified the +0 robe "Exopnoam" {Will+ Regen+}
  9079 | D:11     | Killed a two-headed ogre
  9080 | D:11     | Reached XP level 12. HP: 58/64 MP: 15/19
  9141 | D:11     | Noticed a two-headed ogre
  9150 | D:11     | Killed a two-headed ogre
  9220 | D:11     | Noticed a four-headed hydra
  9300 | Lair:1   | Entered Level 1 of the Lair of Beasts
  9391 | Lair:1   | Noticed Fannar
  9414 | Lair:1   | Killed Fannar
  9944 | Lair:1   | Noticed an eight-headed hydra
 10003 | D:11     | Identified the +2 robe of the Will of the Gods {Rampage
                  | Str+2} (Okawaru gifted it to you on level 11 of the
                  | Dungeon)
 10003 | D:11     | Received a gift from Okawaru
 10005 | D:11     | Found a hide-covered altar of Uskayaw.
 10316 | D:12     | Noticed a boulder beetle
 10321 | D:12     | Reached skill level 11 in Long Blades
 10337 | D:12     | Killed a boulder beetle
 10394 | D:12     | Noticed a boulder beetle
 10405 | D:12     | Killed a boulder beetle
 10451 | D:12     | Noticed a rakshasa
 10474 | D:12     | Killed a rakshasa
 10860 | D:12     | Noticed a two-headed ogre
 10864 | D:12     | Killed a two-headed ogre
 11174 | D:12     | Noticed a tengu reaver
 11174 | D:12     | Noticed a frost giant
 11174 | D:12     | HP: 1/66 [tengu reaver/bolt of lightning (21)]
 11176 | D:12     | Killed from afar by a tengu reaver

Illustrated notes

Levels and vault maps discovered:
D:1:      wheals_arrival_linesprint, layout_rooms,
          shapermc_ecumenical_altar_acropolis, chequers_big_river
D:2:      layout_loops_cross
D:3:      layout_loops_ring, nicolae_overflow_hidden_temple,
          mainiacjoe_overflow_brackets, tso_oasis_becter, item_on_display_a
D:4:      layout_basic, grunt_temple_overflow_open, minmay_temple_entry_hall,
          serial_park_tiny_1
D:5:      layout_basic, kennysheep_little_box, serial_undead, serial_undead_b,
          serial_undead_a, serial_undead_e, serial_undead_e
D:6:      minmay_chambers_of_fours, layout_basic, nicolae_vehumet_radiance,
          makhleb_grotto_becter
D:7:      layout_basic, lemuel_round_altar, enter_bailey_7
D:8:      layout_basic, mainiacjoe_overflow_small_starburst
D:9:      layout_rooms, dpeg_lair_monsters, orc_0_dummy, serial_shops,
          nicolae_shop_bloodbath_and_beyond, minmay_guarded_unrand_variability
D:10:     layout_loops_corners, cheibriados_altar_1, minmay_misc_feat_chi,
          minmay_nine_imps, uniq_urug, uniq_maggie
D:11:     layout_loops_ring, nicolae_uskayaw_suspiria
D:12:     minmay_diamond_stairs, layout_layer_cave
D:13:     layout_rooms, minmay_orc_keep
Temple:   jpeg_temple_clearing
Lair:1:   layout_roguey, uniq_fannar

Skill      XL: |  1  2  3  4  5  6  7  8  9 10 11 12 |
---------------+-------------------------------------+-----
Long Blades    | 2 3 4 5 6 7 10 11 | 11.8
Fighting       | 5 6 8 9 |  9.3
Shields        | 5 8 |  8.0
Armour         | 4 5 6 8 |  8.0
Invocations    | 6 8 |  8.0

Action                   |  1- 3 |  4- 6 |  7- 9 | 10-12 || total
-------------------------+-------+-------+-------+-------++-------
Melee: Long sword        |    77 |   119 |   256 |   387 ||   839
       Bite              |    14 |    25 |    85 |   152 ||   276
Invok: Heroism           |       |       |     1 |    10 ||    11
       Finesse           |       |       |       |     4 ||     4
  Use: Scroll            |       |     7 |     3 |     7 ||    17
       Potion            |       |       |     1 |     1 ||     2
 Stab: Distracted        |       |       |       |     4 ||     4
Armor: Scale mail        |    39 |    53 |   103 |   107 ||   302
Dodge: Dodged            |    32 |    68 |    98 |   110 ||   308
Block: Buckler           |    13 |    20 |    64 |    92 ||   189
